 Dungeon Sprint DCSS version 0.26-a0-739-gf55cbd344a (webtiles) character file.

Game seed: 10203930600221698148

397 rocky1 the Arsonist (level 6, -1/32 HPs)
             Began as a Deep Elf Fire Elementalist on Nov 6, 2020.
             Was an Elder of Vehumet.
             Slain by a guardian mummy (13 damage)
             ... in the Dungeon (Sprint VII: "The Pits").
             The game lasted 00:07:13 (1062 turns).

rocky1 the Arsonist (Deep Elf Fire Elementalist)    Turns: 1062, Time: 00:07:14

Health: -1/32      AC:  9    Str:  5      XL:     6   Next: 53%
Magic:  3/16       EV: 13    Int: 22      God:    Vehumet [****..]
Gold:   0          SH:  0    Dex: 14 (15) Spells: 6/16 levels left

rFire    . . .     SeeInvis .   c - +3 quarterstaff (protect)
rCold    . . .     Faith    .   (shield currently unavailable)
rNeg     . . .     Spirit   .   a - +0 robe
rPois    .         Reflect  .   (no helmet)
rElec    .         Harm     .   (no cloak)
rCorr    .         Rampage  .   (no gloves)
MR       .....     NoTele   +   (no boots)
Stlth    ++........             (no amulet)
HPRegen  0.10/turn              (no ring)
MPRegen  0.15/turn              (no ring)

@: protection aura
A: no striking features
a: Renounce Religion


You were in the Dungeon.
You worshipped Vehumet.
Vehumet was greatly pleased with you.
You visited 1 branch

Inventory:

Hand Weapons
 c - a +3 quarterstaff of protection (weapon)
Armour
 a - a +0 robe (worn)
Wands
 b - a wand of digging (3)
Scrolls
 h - a scroll of blinking
 j - 3 scrolls of remove curse
 k - 5 scrolls of amnesia
 l - a scroll of summoning
Potions
 d - 2 potions of heal wounds
 e - a potion of haste
 f - 4 potions of magic
 g - 3 potions of berserk rage
 i - 2 potions of invisibility
 m - 5 potions of curing


   Skills:
 - Level 2.4 Dodging
 - Level 2.4 Stealth
 + Level 5.9 Spellcasting
 - Level 1.1 Conjurations
 + Level 14.4 Fire Magic


You had 6 spell levels left.
You knew the following spells:

 Your Spells              Type           Power        Failure   Level
a - Foxfire               Conj/Fire      ####         1%          1
b - Fireball              Conj/Fire      #####.....   3%          5
c - Sticky Flame          Conj/Fire      #####...     1%          4

Your spell library contained the following spells:

 Spells                   Type           Power        Failure   Level
 Static Discharge         Conj/Air       #.......     6%          3
 Conjure Flame            Conj/Fire      #####...     1%          3
 Inner Flame              Hex/Fire       #####...     1%          3


Dungeon Overview and Level Annotations

Branches:
Dungeon (1/1)

Altars:
Ashenzari
Cheibriados
Dithmenos
Elyvilon
Fedhas
Gozag
Hepliaklqana
Kikubaaqudgha
Makhleb
Nemelex Xobeh
Okawaru
Qazlal
Ru
Sif Muna
Trog
Uskayaw
Vehumet
Wu Jian
Xom
Yredelemnul
Zin
The Shining One
Beogh
Jiyva
Lugonu


Message History

The guardian mummy closely misses you.
You hit the guardian mummy.
The guardian mummy is almost destroyed.
The guardian mummy barely misses you.
You barely miss the guardian mummy.
The guardian mummy is almost destroyed.
The guardian mummy barely misses you.
You hit the guardian mummy.
The guardian mummy is almost destroyed.
The guardian mummy hits you!
You closely miss the guardian mummy.
The guardian mummy is almost destroyed.
The guardian mummy barely misses you.
You barely miss the guardian mummy.
The guardian mummy is almost destroyed.
The guardian mummy completely misses you.
You hit the guardian mummy but do no damage.
The guardian mummy is almost destroyed.
The guardian mummy hits you!
You die...

#.#..[))...##.......#
#.#..[)))..##.......#
#'###########.......#
#..#.#.## #########
#.......# ##.#.#.##
#.......#+#
##รท#.#.##.+
#....@M.#'#
##.#.#..'.#
##########


You could see a guardian mummy.

Vanquished Creatures
  A water moccasin (D)
  A sky beast (D)
  A quasit (D)
  Jessica (D)
  A worker ant (D)
  An adder (D)
  A river rat (D)
  An ufetubus (D)
  A worm (D)
  A giant cockroach (D)
  A goblin (D)
  4 jackals (D)
  2 quokkas (D)
  A frilled lizard (D)
  A rat (D)
19 creatures vanquished.

Vanquished Creatures (others)
  A sky beast (D)
  71 foxfires (D)
72 creatures vanquished.

Grand Total: 91 creatures vanquished

Notes
Turn   | Place    | Note
-------+----------+-------------------------------------------
     0 | D        | rocky1 the Deep Elf Fire Elementalist began the quest for
                  | the Orb.
     0 | D        | Reached XP level 1. HP: 10/10 MP: 6/6
    14 | D        | Reached skill level 4 in Fire Magic
    20 | D        | Found a bloodstained altar of Trog.
    20 | D        | Found a shimmering blue altar of Sif Muna.
    20 | D        | Found a viscous altar of Jiyva.
    20 | D        | Found a hazy altar of Hepliaklqana.
    20 | D        | Found an opulent altar of Gozag.
    46 | D        | Found a glowing golden altar of the Shining One.
    46 | D        | Found a glowing silver altar of Zin.
    46 | D        | Found a basalt altar of Yredelemnul.
    46 | D        | Found a shimmering altar of Xom.
    46 | D        | Found an ornate altar of the Wu Jian Council.
    46 | D        | Found a sacrificial altar of Ru.
    46 | D        | Found a stormy altar of Qazlal.
    46 | D        | Found an iron altar of Okawaru.
    46 | D        | Found a sparkling altar of Nemelex Xobeh.
    46 | D        | Found a burning altar of Makhleb.
    46 | D        | Found a blossoming altar of Fedhas.
    46 | D        | Found a white marble altar of Elyvilon.
    46 | D        | Found a shadowy altar of Dithmenos.
    46 | D        | Found a snail-covered altar of Cheibriados.
    48 | D        | Found a radiant altar of Vehumet.
    48 | D        | Found a corrupted altar of Lugonu.
    48 | D        | Found a roughly hewn altar of Beogh.
    49 | D        | Found a hide-covered altar of Uskayaw.
    49 | D        | Found an ancient bone altar of Kikubaaqudgha.
    49 | D        | Found a broken altar of Ashenzari.
    56 | D        | Became a worshipper of Vehumet
   104 | D        | Noticed a worker ant
   123 | D        | Killed a worker ant
   123 | D        | Reached skill level 7 in Fire Magic
   123 | D        | Reached XP level 2. HP: 11/15 MP: 0/8
   125 | D        | Reached * piety under Vehumet
   125 | D        | Offered knowledge of Sandblast by Vehumet.
   125 | D        | Reached XP level 3. HP: 9/19 MP: 1/9
   411 | D        | Noticed a water moccasin
   416 | D        | Killed a water moccasin
   416 | D        | Reached skill level 11 in Fire Magic
   416 | D        | Reached XP level 4. HP: 24/24 MP: 5/10
   418 | D        | Reached ** piety under Vehumet
   418 | D        | Offered knowledge of Shock by Vehumet.
   418 | D        | Reached XP level 5. HP: 27/28 MP: 4/11
   424 | D        | Reached *** piety under Vehumet
   563 | D        | Learned a level 5 spell: Fireball
   571 | D        | Learned a level 4 spell: Sticky Flame
   581 | D        | Noticed a sky beast
   582 | D        | Noticed Jessica
   598 | D        | Killed a sky beast
   598 | D        | Reached skill level 13 in Fire Magic
   603 | D        | Killed Jessica
   603 | D        | Offered knowledge of Ignite Poison by Vehumet.
   687 | D        | Reached **** piety under Vehumet
   687 | D        | Reached XP level 6. HP: 32/32 MP: 12/12
   993 | D        | Noticed a sky beast
  1003 | D        | HP: 1/32 [something (5)]
  1004 | D        | Killed a sky beast
  1004 | D        | Offered knowledge of Static Discharge by Vehumet.
  1004 | D        | Reached skill level 5 in Spellcasting
  1004 | D        | Reached skill level 14 in Fire Magic
  1047 | D        | Noticed a guardian mummy
  1062 | D        | Slain by a guardian mummy

Illustrated notes

Levels and vault maps discovered:
D:        pitsprint [storerooms_1, entrance_room_1, metal_vault_5, armoury_3,
          mini_pit_1, grid_room_1, main_hall_1, silver_pit, the_coven_3,
          the_vestibule_1, steel_vault_4, golden_pit, hallway_of_sentries,
          crystal_vault_3, iron_vault_1, final_vault]

Skill      XL: |  1  2  3  4  5  6 |
---------------+-------------------+-----
Fire Magic     | 7 11 13 14 | 14.4
Spellcasting   | 5 |  5.9
Dodging        | |  2.4
Stealth        | |  2.4
Conjurations   | |  1.1

Action                   |  1- 3 |  4- 6 || total
-------------------------+-------+-------++-------
Melee: Quarterstaff      |     4 |    11 ||    15
 Cast: Foxfire           |    16 |    35 ||    51
       Fireball          |       |     3 ||     3
       Sticky Flame      |       |     2 ||     2
  Use: Potion            |     1 |     4 ||     5
Armor: Robe              |       |     6 ||     6
Dodge: Dodged            |    10 |    33 ||    43

Table legend: (Time is in decaauts)
 A = Elapsed time spent in this place.
 B = Non-inter-level travel time spent in this place.
 C = Inter-level travel time spent in this place.
 D = Time resting spent in this place.
 E = Time spent auto-exploring this place.
 F = Levels seen in this place.
 G = Mean time per level.
                   A        B        C        D        E       F      G
               +--------+--------+--------+--------+--------+-----+--------+
         Total |   1065 |   1065 |      0 |    749 |      0 |   1 | 1065.0 |
       Dungeon |   1065 |   1065 |      0 |    749 |      0 |   1 | 1065.0 |
               +--------+--------+--------+--------+--------+-----+--------+

Top non-repeatable levels by time:
       D: 1065 daAuts
